 Dungeon Crawl Stone Soup version 0.29.1-15-g9cfb28693d (webtiles) character file.

Game seed: 12541914257686096223

11 protoss039 the Digger (level 2, 0/19 HPs)
             Began as a Demonspawn Earth Elementalist on Mar 12, 2023.
             Slain by a hobgoblin (1 damage)
             ... on level 1 of the Dungeon.
             The game lasted 00:00:43 (249 turns).

protoss039 the Digger (DsEE)                         Turns: 249, Time: 00:00:43

Health: 0/19       AC:  3    Str:  8    XL:     2   Next: 13%
Magic:  1/5        EV: 11    Int: 16    God:
Gold:   0          SH:  0    Dex: 13    Spells: 4/5 levels left

rFire   . . .      SeeInvis .   a - +0 club
rCold   . . .      Faith    .   (no shield)
rNeg    . . .      Spirit   .   c - +0 leather armour
rPois   .          Reflect  .   (no helmet)
rElec   .          Harm     .   (no cloak)
rCorr   .          Rampage  .   (no gloves)
Will    .....                   (no boots)
Stlth   ++........              (no amulet)
HPRegen 0.06/turn               (no ring)
MPRegen 0.09/turn               (no ring)

@: no status effects
A: powered by pain 1
a: no special abilities


You were on level 1 of the Dungeon.
You visited 1 branch of the dungeon, and saw 1 of its levels.

Inventory:

Hand Weapons
 a - a +0 club (weapon)
Armour
 c - a +0 leather armour (worn)
Potions
 b - a potion of magic


   Skills:
 + Level 2.0 Dodging
 + Level 2.0 Stealth
 + Level 2.1 Spellcasting
 + Level 1.1 Transmutations
 + Level 2.8 Earth Magic


You had 4 spell levels left.
You knew the following spells:

 Your Spells              Type           Power      Damage    Failure   Level
a - Sandblast             Erth           20%        2d7       10%         1

Your spell library contained the following spells:

 Spells                   Type           Power      Damage    Failure   Level
 Passwall                 Tmut/Erth      6%         N/A       21%         2
 Stone Arrow              Conj/Erth      12%        3d7       45%         3
 Petrify                  Tmut/Erth      8%         N/A       78%         4


Dungeon Overview and Level Annotations

Branches:
Dungeon (1/15) Zot: 5742

Altars:


Innate Abilities, Weirdness & Mutations

You sometimes gain a little power by taking damage.


Message History

Confirm with . or Enter, or press ? or * to list all spells.
You don't have enough magic to cast this spell.
Unknown command.
Unknown command.
Press: ? - help, v - describe, . - travel, g - get item
Items here: a +2 short sword of speed; a kobold corpse.
The floor.
The endoplasm attacks as you move away!
The endoplasm hits you but does no damage.
You see here a ball python corpse.
The endoplasm attacks as you move away! The endoplasm barely misses you.
The endoplasm hits you. The endoplasm freezes you.
You are frozen.
* * * LOW HITPOINT WARNING * * *
Casting: Sandblast (safe; 10% risk of failure)
Confirm with . or Enter, or press ? or * to list all spells.
Aiming: Sandblast (safe; 10% risk of failure)
Press: ? - help, Shift-Dir - straight line, f - endoplasm
Aim: an endoplasm (98% to hit)
The blast of sand hits the endoplasm.
You kill the endoplasm!
Unknown command.
You hit the hobgoblin.
The hobgoblin is moderately wounded.
The hobgoblin misses you. The hobgoblin barely misses you.
You hit the hobgoblin but do no damage.
The hobgoblin is moderately wounded.
The hobgoblin barely misses you.
You barely miss the hobgoblin.
The hobgoblin is moderately wounded.
The hobgoblin hits you.
* * * LOW HITPOINT WARNING * * *
You barely miss the hobgoblin.
The hobgoblin is moderately wounded.
The hobgoblin closely misses you. The hobgoblin barely misses you.
You barely miss the hobgoblin.
The hobgoblin is moderately wounded.
The hobgoblin hits you.
You die...

.......... #.............
..........##............
.......#................ .
.......#............# ..
.......#............# ...
....................###....
..............[#r...#......
...............#g#†........
..###...#......#@#r........
..#######......#.#.........
...............#.+..†).....
.............(.###>........
..........########.........
##..............##.........
##........†................
......#.............#......
...#'##.............#


You could see a hobgoblin and a rat.

Vanquished Creatures
  A dart slug (D:1)
  An endoplasm (D:1)
  A goblin (D:1)
  2 ball pythons (D:1)
  A frilled lizard (D:1)
  A kobold (D:1)
  3 rats (D:1)
10 creatures vanquished.

Notes
Turn   | Place    | Note
-------+----------+-------------------------------------------
     0 | D:1      | protoss039 the Demonspawn Earth Elementalist began the
                  | quest for the Orb.
     0 | D:1      | Reached XP level 1. HP: 13/13 MP: 3/3
    48 | D:1      | Reached skill level 1 in Transmutations
   132 | D:1      | Noticed a floating eye
   134 | D:1      | Found a faded altar of an unknown god.
   136 | D:1      | Noticed a golden eye
   136 | D:1      | Noticed a shining eye
   136 | D:1      | Noticed an eye of devastation
   233 | D:1      | Gained mutation: You sometimes gain a little power by
                  | taking damage. [demonic ancestry]
   233 | D:1      | Reached XP level 2. HP: 8/19 MP: 3/5
   249 | D:1      | Slain by a hobgoblin

Illustrated notes

Levels and vault maps discovered:
D:1:      elethiomel_arrival_infinity_welcomes_careful_drivers, layout_basic,
          hellmonk_ecumenical_altar_watching_god, chequers_mini_garden

Skill      XL: |  1  2 |
---------------+-------+-----
Transmutations | 1 |  1.1
Stealth        | 2 |  2.0
Dodging        | 2 |  2.0
Spellcasting   | |  2.1
Earth Magic    | |  2.8

Action                   || total
-------------------------++-------
Melee: Club              ||     6
 Cast: Sandblast         ||    12
Armor: Leather armour    ||     1
Dodge: Dodged            ||     7
